 Dungeon Crawl Stone Soup version 0.32-a0-868-g153ae1a8d6 (webtiles) character file.

Game seed: 4609349865907486232

51 Fodor the Covered (level 3, 0/3 HPs)
             Began as a Minotaur Fighter on Mar 28, 2024.
             Slain by a hobgoblin (3 damage)
             ... on level 3 of the Dungeon.
             The game lasted 00:05:15 (1271 turns).

Fodor the Covered (Minotaur Fighter)                Turns: 1271, Time: 00:05:15

Health: 0/3        AC:  4    Str: 22    XL:     3   Next: 57%
Magic:  2/2        EV: 10    Int:  5    God:
Gold:   64         SH:  4    Dex:  9    Spells: 2/2 levels left

rFire   . . .        a - +0 war axe
rCold   . . .        c - +0 buckler
rNeg    . . .        b - melded +0 chain mail
rPois   .            (helmet restricted)
rElec   .            (no cloak)
rCorr   .            (no gloves)
SInv    .            (no boots)
Will    .....        (no amulet)
Stlth   +            e - +4 ring of protection
HPRegen 0.20/turn    (no ring)
MPRegen 0.08/turn

%: no passive effects
@: maw-form
A: devouring maw, reduced hp, horns 2, retaliatory headbutt
a: Begin Untransformation


You were on level 3 of the Dungeon.
You were a creature with a mouth for a stomach.
You visited 1 branch of the dungeon, and saw 3 of its levels.

You collected 64 gold pieces.

Inventory:

Hand Weapons
 a - a +0 war axe (weapon)
Armour
 b - a +0 chain mail (melded)
 c - a +0 buckler (worn)
 i - a +0 plate armour
Jewellery
 e - a +4 ring of protection (left hand)
Talismans
 q - a maw talisman (active)
Scrolls
 f - 3 scrolls of revelation {unknown}
 j - a scroll of identify {unknown}
 k - a scroll of vulnerability {unknown}
 l - a scroll of fog {unknown}
 p - a scroll of fear {unknown}
Potions
 d - a potion of might
 g - a potion of heal wounds {unknown}
 h - a potion of resistance {unknown}
 m - 2 potions of attraction {unknown}
 n - a potion of curing {unknown}
 o - a potion of brilliance {unknown}


   Skills:
 + Level 3.9 Fighting
 + Level 3.7 Axes
 + Level 4.2 Armour
 + Level 0.4 Dodging
 + Level 3.8 Shields


You had 2 spell levels left.
You didn't know any spells.
Your spell library was empty.

Dungeon Overview and Level Annotations

Branches:
Dungeon (3/15)

Altars:


Innate Abilities, Weirdness & Mutations

You are a creature with a mouth for a stomach.
Your midsection houses a second, enormous mouth.
Your maximum health is decreased, since you lack skill for your form.
You have a pair of horns on your head.
You reflexively headbutt those who attack you in melee.


Message History

Found a dagger.
You see here a +0 dagger.
Found a stone staircase leading up.
You see here a +0 dagger.
An endoplasm and a goblin come into view.
The endoplasm quivers.
The goblin shouts!
You slash the goblin!
You devour the goblin!
You feel better.
You kill the goblin!
The endoplasm freezes you.
You are frozen.
Ouch! That really hurt!
You see here a +0 dagger.
You slash the endoplasm!
You kill the endoplasm!
Found a leather armour.
You open the large door.
There is a large open door here.
There is a large open door here.
There is an open door here.
There is an open door here.
There is a large open door here.
There is a large open door here.
You open the door.
There is an open door here.
Done exploring.
Done exploring.
There is a stone staircase leading down here.
You climb downwards.
There is a stone staircase leading up here.
A hobgoblin comes into view.
The hobgoblin shouts!
You hear a shout!
A goblin comes into view. It is wielding a +0 club.
The hobgoblin hits you but does no damage.
You hit the hobgoblin. Your headbutt misses the hobgoblin.
Your bite misses the hobgoblin.
The hobgoblin is almost dead.
The hobgoblin hits you.
Ouch! That really hurt!
You die...

##
###
..
...
.#
#.#
....#
.#.#
.g###
#g..#
#W#
#.#
#.#
#.#
#.#
#.#
#<#
###


You could see a hobgoblin and a goblin.

Vanquished Creatures
  2 adders (D:2)
  5 ball pythons
  3 endoplasms
  4 hobgoblins
  3 kobolds
  2 quokkas
  3 bats
  2 frilled lizards
  2 goblins
  4 rats
30 creatures vanquished.

Notes
Turn   | Place    | Note
-------+----------+-------------------------------------------
     0 | D:1      | Fodor the Minotaur Fighter began the quest for the Orb.
     0 | D:1      | Reached XP level 1. HP: 19/19 MP: 0/0
   215 | D:1      | Found a faded altar of an unknown god.
   222 | D:1      | Reached XP level 2. HP: 27/27 MP: 1/1
   258 | D:1      | Reached skill level 4 in Armour
   944 | D:2      | Reached XP level 3. HP: 27/33 MP: 2/2
  1271 | D:3      | Slain by a hobgoblin

Illustrated notes

Levels and vault maps discovered:
D:1:      wander_arrival_desolate, layout_loops_ring,
          hellmonk_ecumenical_altar_pennies_from_heaven,
          hangedman_decor_opposing, st_stairs_7, minmay_door_square
D:2:      layout_basic
D:3:      layout_basic, nicolae_overflow_crystal_walls, minmay_misc_feat_x,
          dk_vineyard_3, uniq_terence, uniq_ijyb

Skill      XL: |  1  2 |
---------------+-------+-----
Armour         | 4 |  4.2
Axes           | 3 |  3.7
Fighting       | |  3.9
Dodging        | |  0.4
Shields        | |  3.8

Action                     || total
---------------------------++-------
  Melee: War axe           ||    67
         Headbutt          ||     4
 Armour: Chain mail        ||    65
         Skin              ||     2
  Dodge: Dodged            ||    33
  Block: Buckler           ||    17
   Form: Maw               ||     1

Table legend: (Time is in decaauts)
 A = Elapsed time spent in this place.
 B = Non-inter-level travel time spent in this place.
 C = Inter-level travel time spent in this place.
 D = Time resting spent in this place.
 E = Time spent auto-exploring this place.
 F = Levels seen in this place.
 G = Mean time per level.
                   A        B        C        D        E       F      G
               +--------+--------+--------+--------+--------+-----+--------+
         Total |   1297 |   1285 |     12 |      0 |    866 |   3 |  432.3 |
       Dungeon |   1297 |   1285 |     12 |      0 |    866 |   3 |  432.3 |
               +--------+--------+--------+--------+--------+-----+--------+

Top non-repeatable levels by time:
     D:1: 698 daAuts
     D:2: 592 daAuts
     D:3: 6 daAuts
